| TOP OF THE 1ST |
|
Greensboro Grasshoppers batting - Pitching for Peoria Chiefs : RHP Quinn Grantham
|
|
Pitching: RHP Quinn Grantham
|
|
|
Batting: RHB Tom Thompson
|
0-0: Called Strike 0-1: Swinging Strike 0-2: Strikes out swinging
|
|
Batting: RHB Torquato Obawole
|
0-0: Ball 1-0: SINGLE (Groundball, 56D, EV 105.6 MPH)
|
|
Batting: RHB Isaiah Brockman
|
0-0: SINGLE (Groundball, 34D, EV 105.0 MPH) Torquato Obawole to second Runner from 2nd tries for 3rd, SAFE, no throw by RF
|
|
Batting: RHB Jake Shelton
|
0-0: Called Strike 0-1: Ball 1-1: Ball 2-1: Foul Ball, location: 2F 2-2: 3-RUN HOME RUN (Line Drive, 78XD, EV 98.1 MPH), Distance : 399 ft
|
|
Batting: RHB Boof Howell
|
0-0: Called Strike 0-1: Ground out 6-3 (Groundball, 6S, EV 81.9 MPH)
|
|
Batting: RHB Masumitsu Sugiura
|
0-0: Ball 1-0: DOUBLE (Groundball, 5L, EV 97.5 MPH)
|
|
Batting: RHB Jordan Arcidez
|
0-0: Ball 1-0: Foul Ball, location: 2F 1-1: Ball Wild Pitch! Masumitsu Sugiura to third 2-1: Called Strike 2-2: Foul Ball, location: 2F 2-2: Ground out U3 (Groundball, 34, EV 103.8 MPH)
|
| Top of the 1st over - 3 runs, 4 hits, 0 errors, 1 left on base; Greensboro 3 - Peoria 0 |
| BOTTOM OF THE 1ST |
|
Peoria Chiefs batting - Pitching for Greensboro Grasshoppers : RHP Glen Patterson
|
|
Pitching: RHP Glen Patterson
|
|
|
Batting: LHB Jay Fenderson
|
0-0: Ball 1-0: Foul Ball, location: 2F 1-1: Swinging Strike 1-2: Foul Ball, location: 2F 1-2: Ball 2-2: Ball 3-2: Foul Ball, location: 2F 3-2: Base on Balls
|
|
Batting: LHB Ken Compton
|
0-0: Ball 1-0: Foul Ball, location: 2F 1-1: Ball 2-1: Fielders Choice at 2nd, 4-6 (Groundball, 4D, EV 105.0 MPH)
|
|
Batting: RHB Mark Marks
|
0-0: Ball Ken Compton steals 2nd base 1-0: SINGLE (Groundball, 56D, EV 104.4 MPH) Ken Compton to third Runner from 3rd tries for Home, SAFE, throw by LF to home
|
|
Batting: RHB Mark Cahill
|
0-0: Ball 1-0: Ball 2-0: Foul Ball, location: 2F 2-1: Foul Ball, location: 2F 2-2: DOUBLE (Flyball, 8RXD, EV 97.5 MPH) Mark Marks to third Runner from 3rd tries for Home, SAFE, throw by CF to home
|
|
Batting: SHB Josh Conner
|
0-0: Ground out 6-3 (Groundball, 6S, EV 77.5 MPH) Mark Cahill to third
|
|
Batting: RHB Justin Reich
|
0-0: Foul Ball, location: 2F 0-1: Ball 1-1: Foul Ball, location: 2F 1-2: Ball 2-2: SINGLE (Flyball, 9LS, EV 92.5 MPH) Mark Cahill scores
|
|
Batting: RHB Josh Martin
|
0-0: Called Strike 0-1: Foul Ball, location: 2F 0-2: Strikes out swinging
|
| Bottom of the 1st over - 3 runs, 3 hits, 0 errors, 1 left on base; Greensboro 3 - Peoria 3 |
| TOP OF THE 2ND |
|
Greensboro Grasshoppers batting - Pitching for Peoria Chiefs : RHP Quinn Grantham
|
|
Batting: RHB Wei-guo Tsu
|
0-0: Ball 1-0: Called Strike 1-1: Ball 2-1: Foul Ball, location: 2F 2-2: Ground out 6-3 (Groundball, 56, EV 96.9 MPH)
|
|
Batting: RHB Chris Riddick
|
0-0: Called Strike 0-1: Ball 1-1: Foul Ball, location: 2F 1-2: Strikes out swinging
|
|
Batting: RHB Tom Thompson
|
0-0: Called Strike 0-1: Swinging Strike 0-2: Foul Ball, location: 2F 0-2: Ball 1-2: Strikes out looking
|
| Top of the 2nd over - 0 runs, 0 hits, 0 errors, 0 left on base; Greensboro 3 - Peoria 3 |
| BOTTOM OF THE 2ND |
|
Peoria Chiefs batting - Pitching for Greensboro Grasshoppers : RHP Glen Patterson
|
|
Batting: LHB Billy Guzman
|
0-0: Called Strike 0-1: Ground out 3-1 (Groundball, 34, EV 83.1 MPH)
|
|
Batting: LHB Adam Eisen
|
0-0: Called Strike 0-1: Foul Ball, location: 2F 0-2: Fly out, F9 (Flyball, 9LM, EV 93.1 MPH)
|
|
Batting: LHB Jay Fenderson
|
0-0: Foul Ball, location: 2F 0-1: Ball 1-1: Called Strike 1-2: Ball 2-2: Foul Ball, location: 2F 2-2: Ground out U3 (Groundball, 34, EV 98.1 MPH)
|
| Bottom of the 2nd over - 0 runs, 0 hits, 0 errors, 0 left on base; Greensboro 3 - Peoria 3 |
| TOP OF THE 3RD |
|
Greensboro Grasshoppers batting - Pitching for Peoria Chiefs : RHP Quinn Grantham
|
|
Batting: RHB Torquato Obawole
|
0-0: Called Strike 0-1: Ground out 4-3 (Groundball, 4S, EV 87.5 MPH)
|
|
Batting: RHB Isaiah Brockman
|
0-0: Called Strike 0-1: Swinging Strike 0-2: Ball 1-2: Foul Ball, location: 2F 1-2: Foul Ball, location: 2F 1-2: Strikes out swinging
|
|
Batting: RHB Jake Shelton
|
0-0: Ball 1-0: Swinging Strike 1-1: Reached on error, E1 (Groundball, 15S, EV 67.5 MPH)
|
|
Batting: RHB Boof Howell
|
0-0: Ball 1-0: Swinging Strike 1-1: Foul Ball, location: 2F 1-2: Strikes out swinging, 2-3 out at first.
|
| Top of the 3rd over - 0 runs, 0 hits, 1 error, 1 left on base; Greensboro 3 - Peoria 3 |
| BOTTOM OF THE 3RD |
|
Peoria Chiefs batting - Pitching for Greensboro Grasshoppers : RHP Glen Patterson
|
|
Batting: LHB Ken Compton
|
0-0: Ball 1-0: Ball 2-0: Ball 3-0: Called Strike 3-1: Foul Ball, location: 2F 3-2: Foul Ball, location: 2F 3-2: Base on Balls
|
|
Batting: RHB Mark Marks
|
0-0: Ball 1-0: Ball Ken Compton steals 2nd base 2-0: Foul Ball, location: 2F 2-1: TRIPLE (Flyball, 8RXD, EV 100.0 MPH) Ken Compton scores
|
|
Batting: RHB Mark Cahill
|
0-0: Ball 1-0: Foul Ball, location: 2F 1-1: Fly out, F7 (Flyball, 7, EV 90.6 MPH) Runner from 3rd tags up, SCORES, throw by LF
|
|
Batting: SHB Josh Conner
|
0-0: Called Strike 0-1: SINGLE (Groundball, 34D, EV 107.5 MPH)
|
|
Batting: RHB Justin Reich
|
0-0: Ball 1-0: Swinging Strike 1-1: Called Strike 1-2: Foul Ball, location: 2F 1-2: Foul Ball, location: 2F 1-2: DOUBLE (Line Drive, 7LS, EV 110.0 MPH) Josh Conner to third
|
|
Batting: RHB Josh Martin
|
0-0: Ball 1-0: Reached on error, E6 (Groundball, 6S, EV 88.1 MPH) Josh Conner scores Justin Reich to third
|
|
Batting: LHB Billy Guzman
|
0-0: Called Strike Josh Martin steals 2nd base 0-1: Swinging Strike 0-2: Strikes out swinging
|
|
Batting: LHB Adam Eisen
|
0-0: Foul Ball, location: 2F 0-1: Ball 1-1: Called Strike 1-2: Ball 2-2: Foul Ball, location: 2F 2-2: Fly out, F8 (Flyball, 89D, EV 105.0 MPH)
|
| Bottom of the 3rd over - 3 runs, 3 hits, 1 error, 2 left on base; Greensboro 3 - Peoria 6 |
| TOP OF THE 4TH |
|
Greensboro Grasshoppers batting - Pitching for Peoria Chiefs : RHP Quinn Grantham
|
|
Batting: RHB Masumitsu Sugiura
|
0-0: Swinging Strike 0-1: Called Strike 0-2: Strikes out swinging
|
|
Batting: RHB Jordan Arcidez
|
0-0: Ball 1-0: Ground out 5-3 (Groundball, 56, EV 89.4 MPH)
|
|
Batting: RHB Wei-guo Tsu
|
0-0: Called Strike 0-1: Foul Ball, location: 2F 0-2: Ball 1-2: Ball 2-2: Strikes out swinging
|
| Top of the 4th over - 0 runs, 0 hits, 0 errors, 0 left on base; Greensboro 3 - Peoria 6 |
| BOTTOM OF THE 4TH |
|
Peoria Chiefs batting - Pitching for Greensboro Grasshoppers : RHP Glen Patterson
|
|
Batting: LHB Jay Fenderson
|
0-0: Ball 1-0: Called Strike 1-1: SINGLE (Groundball, 56D, EV 97.5 MPH) (infield hit)
|
|
Batting: LHB Ken Compton
|
0-0: Foul Ball, location: 2F 0-1: Ball Jay Fenderson steals 2nd base 1-1: Called Strike 1-2: Ball 2-2: Foul Ball, location: 2F 2-2: Ball 3-2: Base on Balls
|
|
Pitching: RHP Marco Quezada
|
|
|
Batting: RHB Mark Marks
|
0-0: Ball 1-0: Ball 2-0: Foul Ball, location: 2F 2-1: Ball 3-1: Base on Balls Jay Fenderson to third Ken Compton to second
|
|
Batting: RHB Mark Cahill
|
0-0: Ball 1-0: SINGLE (Groundball, 34D, EV 106.9 MPH) Jay Fenderson scores Ken Compton to third Mark Marks to second Runner from 3rd tries for Home, SAFE, throw by RF to home
|
|
Batting: SHB Josh Conner
|
0-0: Fielders Choice at 2nd, 4-6 (Groundball, 4M, EV 88.8 MPH) Mark Marks to third
|
|
Batting: RHB Justin Reich
|
0-0: Ball 1-0: Swinging Strike 1-1: Foul Ball, location: 2F 1-2: Ball 2-2: Ball 3-2: Foul Ball, location: 2F 3-2: Strikes out swinging Josh Conner steals 2nd base Batter strikes out.
|
|
Batting: RHB Josh Martin
|
0-0: Ground out 5-3 (Groundball, 5S, EV 67.5 MPH)
|
| Bottom of the 4th over - 2 runs, 2 hits, 0 errors, 2 left on base; Greensboro 3 - Peoria 8 |
| TOP OF THE 5TH |
|
Greensboro Grasshoppers batting - Pitching for Peoria Chiefs : RHP Quinn Grantham
|
|
Batting: RHB Chris Riddick
|
0-0: Ball 1-0: DOUBLE (Flyball, 8RXD, EV 102.5 MPH)
|
|
Batting: RHB Tom Thompson
|
0-0: Ball 1-0: 2-RUN HOME RUN (Line Drive, 7D, EV 95.6 MPH), Distance : 377 ft
|
|
Pitching: RHP Eric Glad
|
|
|
Batting: RHB Torquato Obawole
|
0-0: Ball 1-0: Ball 2-0: SINGLE (Line Drive, 4MD, EV 106.9 MPH)
|
|
Batting: RHB Isaiah Brockman
|
0-0: Ball 1-0: Ball 2-0: Foul Ball, location: 2F 2-1: Fly out, F8 (Line Drive, 8LD, EV 99.4 MPH)
|
|
Batting: RHB Jake Shelton
|
0-0: Ball 1-0: Called Strike 1-1: Swinging Strike 1-2: Foul Ball, location: 2F 1-2: Foul Ball, location: 2F 1-2: Foul Ball, location: 2F 1-2: Foul Ball, location: 2F 1-2: Ball 2-2: Foul Ball, location: 2F 2-2: Foul Ball, location: 2F 2-2: Ball 3-2: Fly out, F9 (Flyball, 9D, EV 91.3 MPH)
|
|
Batting: RHB Boof Howell
|
0-0: Ball 1-0: Called Strike 1-1: Ball 2-1: Called Strike 2-2: Ball Pickoff Throw to First - Error! E1 Torquato Obawole to second 3-2: Strikes out swinging
|
| Top of the 5th over - 2 runs, 3 hits, 1 error, 1 left on base; Greensboro 5 - Peoria 8 |
| BOTTOM OF THE 5TH |
|
Peoria Chiefs batting - Pitching for Greensboro Grasshoppers : RHP Marco Quezada
|
|
Batting: LHB Billy Guzman
|
0-0: Foul Ball, location: 2F 0-1: SINGLE (Groundball, 34D, EV 96.3 MPH)
|
|
Batting: LHB Adam Eisen
|
0-0: Ball 1-0: Ball 2-0: Foul Ball, location: 2F 2-1: Fielders Choice at 2nd, 1-6 (Groundball, 13S, EV 70.6 MPH)
|
|
Batting: LHB Jay Fenderson
|
0-0: Ball Adam Eisen steals 2nd base 1-0: Ball 2-0: Called Strike 2-1: Swinging Strike 2-2: Ball 3-2: Foul Ball, location: 2F 3-2: Base on Balls
|
|
Batting: LHB Ken Compton
|
0-0: Ball Adam Eisen steals 3rd base Jay Fenderson to second 1-0: Foul Ball, location: 2F 1-1: Ground out 6-3 (Groundball, 6, EV 81.3 MPH) Adam Eisen scores Jay Fenderson to third
|
|
Batting: RHB Mark Marks
|
0-0: Ball 1-0: Called Strike 1-1: Ground out 4-3 (Groundball, 4S, EV 72.5 MPH)
|
| Bottom of the 5th over - 1 run, 1 hit, 0 errors, 1 left on base; Greensboro 5 - Peoria 9 |
| TOP OF THE 6TH |
|
Greensboro Grasshoppers batting - Pitching for Peoria Chiefs : RHP Eric Glad
|
|
Batting: RHB Masumitsu Sugiura
|
0-0: Ground out 4-3 (Groundball, 34, EV 102.5 MPH)
|
|
Batting: RHB Jordan Arcidez
|
0-0: Called Strike 0-1: Called Strike 0-2: Ball 1-2: Ball 2-2: Ground out 6-3 (Groundball, 6, EV 101.9 MPH)
|
|
Batting: RHB Wei-guo Tsu
|
0-0: Fly out, F9 (Flyball, 9LS, EV 96.9 MPH)
|
| Top of the 6th over - 0 runs, 0 hits, 0 errors, 0 left on base; Greensboro 5 - Peoria 9 |
| BOTTOM OF THE 6TH |
|
Peoria Chiefs batting - Pitching for Greensboro Grasshoppers : RHP Marco Quezada
|
|
Batting: RHB Mark Cahill
|
0-0: Called Strike 0-1: Ball 1-1: Foul Ball, location: 2F 1-2: Ball 2-2: Ball 3-2: Foul Ball, location: 2F 3-2: Fly out, F9 (Flyball, 89D, EV 81.3 MPH)
|
|
Pitching: LHP Nick Gore
|
|
|
Batting: SHB Josh Conner
|
0-0: Called Strike 0-1: Foul Ball, location: 2F 0-2: Strikes out looking
|
|
Batting: RHB Justin Reich
|
0-0: Ball 1-0: Swinging Strike 1-1: Swinging Strike 1-2: Strikes out swinging
|
| Bottom of the 6th over - 0 runs, 0 hits, 0 errors, 0 left on base; Greensboro 5 - Peoria 9 |
| TOP OF THE 7TH |
|
Greensboro Grasshoppers batting - Pitching for Peoria Chiefs : RHP Eric Glad
|
|
Pitching: RHP Justin Adamson
|
|
|
Batting: RHB Chris Riddick
|
0-0: SINGLE (Groundball, 6MS, EV 78.8 MPH) (infield hit)
|
|
Batting: RHB Tom Thompson
|
0-0: Swinging Strike 0-1: Ball 1-1: Called Strike 1-2: Strikes out swinging
|
|
Batting: RHB Torquato Obawole
|
0-0: SINGLE (Line Drive, 6M, EV 108.1 MPH) Chris Riddick to second
|
|
Batting: RHB Isaiah Brockman
|
0-0: Ball 1-0: Called Strike 1-1: Ball 2-1: SINGLE (Line Drive, 7S, EV 104.4 MPH) Chris Riddick to third Torquato Obawole to second Runner from 3rd tries for Home, throw by LF and OUT! 7-2
|
|
Batting: RHB Jake Shelton
|
0-0: Ball 1-0: Ground out 6-3 (Groundball, 6S, EV 88.1 MPH)
|
| Top of the 7th over - 0 runs, 3 hits, 0 errors, 2 left on base; Greensboro 5 - Peoria 9 |
| BOTTOM OF THE 7TH |
|
Peoria Chiefs batting - Pitching for Greensboro Grasshoppers : LHP Nick Gore
|
|
Batting: RHB Josh Martin
|
0-0: Foul Ball, location: 2F 0-1: Ball 1-1: Ball 2-1: Ball 3-1: Base on Balls
|
|
Batting: LHB Billy Guzman
|
0-0: Bunted foul 0-1: Ball Josh Martin steals 2nd base (no throw) 1-1: Bunted foul 1-2: Hit by Pitch
|
|
Batting: LHB Adam Eisen
|
0-0: Bunt missed! 0-1: Bunted foul 0-2: Ball 1-2: Foul Ball, location: 2F 1-2: Fly out, F7 (Flyball, 7LM, EV 91.3 MPH)
|
|
Batting: LHB Jay Fenderson
|
0-0: Ball Passed Ball! Josh Martin to third Billy Guzman to second 1-0: Ball 2-0: Called Strike 2-1: Foul Ball, location: 2F 2-2: Strikes out swinging
|
|
Batting: LHB Ken Compton
|
0-0: Ball 1-0: Ball 2-0: Called Strike 2-1: Ground out 6-3 (Groundball, 6S, EV 85.6 MPH)
|
| Bottom of the 7th over - 0 runs, 0 hits, 0 errors, 2 left on base; Greensboro 5 - Peoria 9 |
| TOP OF THE 8TH |
|
Greensboro Grasshoppers batting - Pitching for Peoria Chiefs : RHP Justin Adamson
|
|
Batting: RHB Boof Howell
|
0-0: Ball 1-0: Ball 2-0: Called Strike 2-1: Ball 3-1: TRIPLE (Flyball, 8LXD, EV 91.3 MPH)
|
|
Pinch Runner at 3rd Natanael Fusquita:
|
|
|
Batting: RHB Masumitsu Sugiura
|
0-0: Ball 1-0: Foul Ball, location: 2F 1-1: Ground out 6-3 (Groundball, 6, EV 80.6 MPH) Natanael Fusquita scores
|
|
Batting: RHB Jordan Arcidez
|
0-0: Called Strike 0-1: Ball 1-1: Ground out 4-3 (Groundball, 4, EV 109.4 MPH)
|
|
Batting: RHB Wei-guo Tsu
|
0-0: Fly out, F3 (Line Drive, 3, EV 66.3 MPH)
|
| Top of the 8th over - 1 run, 1 hit, 0 errors, 0 left on base; Greensboro 6 - Peoria 9 |
| BOTTOM OF THE 8TH |
|
Peoria Chiefs batting - Pitching for Greensboro Grasshoppers : LHP Nick Gore
|
|
Pitching: RHP Tamirat Abboud
|
|
|
Now at SS: Juan Zuniga
|
|
|
Batting: RHB Mark Marks
|
0-0: Ball 1-0: Ball 2-0: Called Strike 2-1: SINGLE (Groundball, 6MD, EV 105.6 MPH)
|
|
Batting: RHB Mark Cahill
|
0-0: Called Strike 0-1: Ball 1-1: Ball 2-1: SINGLE (Groundball, 5S, EV 75.6 MPH) (infield hit) Mark Marks to second
|
|
Batting: SHB Josh Conner
|
0-0: Foul Ball, location: 2F 0-1: Ball 1-1: Swinging Strike 1-2: SINGLE (Line Drive, 89M, EV 91.3 MPH) Mark Marks to third Mark Cahill to second
|
|
Batting: RHB Justin Reich
|
0-0: TRIPLE (Flyball, 8RXD, EV 109.4 MPH) Mark Marks scores Mark Cahill scores Josh Conner scores
|
|
Batting: RHB Josh Martin
|
0-0: Ball 1-0: Ball 2-0: Fly out, F9 (Flyball, 89S, EV 83.8 MPH)
|
|
Batting: LHB Billy Guzman
|
0-0: Called Strike 0-1: Ball 1-1: Ground out 5-3 (Groundball, 56, EV 81.3 MPH) Justin Reich scores
|
|
Batting: LHB Adam Eisen
|
0-0: Called Strike 0-1: Ground out 5-3 (Groundball, 56S, EV 84.4 MPH)
|
| Bottom of the 8th over - 4 runs, 4 hits, 0 errors, 0 left on base; Greensboro 6 - Peoria 13 |
| TOP OF THE 9TH |
|
Greensboro Grasshoppers batting - Pitching for Peoria Chiefs : RHP Justin Adamson
|
|
Batting: RHB Chris Riddick
|
0-0: Ball 1-0: Foul Ball, location: 2F 1-1: Foul Ball, location: 2F 1-2: Strikes out swinging
|
|
Batting: RHB Tom Thompson
|
0-0: Called Strike 0-1: Foul Ball, location: 2F 0-2: Ball 1-2: Fly out, F5 (Popup, 5S, EV 81.3 MPH)
|
|
Batting: RHB Torquato Obawole
|
0-0: Called Strike 0-1: Foul Ball, location: 2F 0-2: Ball 1-2: Ball 2-2: DOUBLE (Flyball, 8RXD, EV 94.4 MPH)
|
|
Batting: RHB Isaiah Brockman
|
0-0: Foul Ball, location: 2F 0-1: Fly out, F8 (Flyball, 8LXD, EV 102.5 MPH)
|
| Top of the 9th over - 0 runs, 1 hit, 0 errors, 1 left on base; Greensboro 6 - Peoria 13 |
|